 Dungeon Crawl Stone Soup version 0.21.1-1-g345015f (webtiles) character file.

189 Goblin1989 the Chopper (level 5, -8/41 HPs)
             Began as a Demonspawn Monk on Feb 5, 2018.
             Was a Believer of Okawaru.
             Mangled by Andry07's ghost (13 damage)
             ... on level 4 of the Dungeon.
             The game lasted 00:09:08 (3184 turns).

Goblin1989 the Chopper (Demonspawn Monk)            Turns: 3184, Time: 00:09:09

Health: -8/41      AC:  6    Str: 13    XL:     5   Next: 40%
Magic:  3/5        EV: 17    Int: 11    God:    Okawaru [**....]
Gold:   106        SH:  0    Dex: 21    Spells: 4/4 levels left

rFire    . . .     SeeInvis .   a - +0 hand axe
rCold    . . .     Gourm    .   (no shield)
rNeg     . . .     Faith    .   q - +0 ring mail
rPois    .         Spirit   .   (helmet restricted)
rElec    .         Reflect  .   (no cloak)
rCorr    +         Harm     .   (no gloves)
MR       .....                  (no boots)
Stlth    +++.......             (no amulet)
HPRegen  0.13/turn              g - ring of resist corrosion
MPRegen  0.09/turn              m - +6 ring of dexterity

@: heroism
A: antennae 2, demonic guardian 1
a: Heroism, Renounce Religion


You were on level 4 of the Dungeon.
You worshipped Okawaru.
Okawaru was pleased with you.
You were not hungry.

You visited 2 branches of the dungeon, and saw 5 of its levels.

You collected 106 gold pieces.

Inventory:

Hand Weapons
 a - a +0 hand axe (weapon)
 h - a +1 short sword of electrocution
Armour
 q - a +0 ring mail (worn)
 v - a +0 scale mail
Jewellery
 g - a ring of resist corrosion (left hand)
 m - a +6 ring of dexterity (right hand)
Scrolls
 j - a scroll of immolation
 T - 2 scrolls of teleportation {!r, @r3}
Potions
 i - a potion of might {unknown}
 l - a potion of lignification {unknown}
 o - 2 potions of curing {@q1}
 p - a potion of heal wounds {unknown}
 t - a potion of agility {unknown}
 u - a potion of haste {unknown}
Books
 U - a book of Maledictions

   Spells                             Type                      Level
   a - Corona                         Hexes                        1
   b - Ensorcelled Hibernation        Hexes/Ice                    2
   c - Confuse                        Hexes                        3
   d - Tukima's Dance                 Hexes                        3
   e - Dazzling Spray                 Conjuration/Hexes            3
Comestibles
 e - 4 rations


   Skills:
 + Level 3.4(8.4) Fighting
 * Level 4.9(9.9) Axes
 + Level 1.1(6.1) Armour
 + Level 3.1(8.1) Dodging
 - Level 1.7(6.7) Stealth


You had 4 spell levels left.
You didn't know any spells.

Dungeon Overview and Level Annotations

Branches:
Dungeon (4/15)             Temple (1/1) D:4

Altars:
Ashenzari
Elyvilon
Fedhas
Makhleb
Nemelex Xobeh
Okawaru
Uskayaw
Vehumet
Xom

Portals:
Ossuary: D:4

Annotations:
D:4 Andry07's ghost, amateur GrFi


Innate Abilities, Weirdness & Mutations

You have a pair of antennae on your head.
A weak demonic guardian rushes to your aid.


Message History

The adder closely misses your white imp.
Your white imp gestures at the adder.
The puff of frost hits the adder.
The adder dies!
Okawaru accepts your kill.
Your white imp closely misses the adder.
The adder completely misses your white imp.
Your white imp misses the adder.
The adder bites your white imp but does no damage.
The adder barely misses your white imp.
Your white imp closely misses the adder.
The adder closely misses your white imp.
Your white imp hits the adder.
Your white imp freezes the adder.
The adder seems to slow down.
The adder closely misses your white imp.
An adder is nearby!
Your white imp gestures at the adder.
The puff of frost misses the adder.
The adder closely misses your white imp.
Your white imp hits the adder but does no damage.
The adder closely misses you.
Your white imp gestures at the adder.
The puff of frost hits the adder.
The adder dies!
Okawaru accepts your kill.
(D) Dungeon (T) Temple
Where to? (Enter - D:4 @ (x,y), ? - help)
Your white imp disappears in a puff of smoke!
A frilled lizard comes into view.
You regained 2 hp, and now have 15/41 hp.
Unknown command.
There is a stone staircase leading up here.
You hear the brisk hiss of a distant avalanche of sand.
A jackal skeleton comes into view.
The jackal skeleton closely misses you.
There is a stone staircase leading down here.
You hit the jackal skeleton.
The jackal skeleton is heavily damaged.
The jackal skeleton closely misses you.
The jackal skeleton bites you but does no damage.
You hit the jackal skeleton.
The jackal skeleton is severely damaged.
The jackal skeleton bites you but does no damage.
You hit the jackal skeleton.
You destroy the jackal skeleton!
Okawaru accepts your kill.
There is a stone staircase leading down here.
(D) Dungeon (T) Temple
Where to? (Enter - D:4 @ (x,y), ? - help)
You see here 25 arrows.
There is a stone staircase leading down here.
There is a stone staircase leading up here.
You hear the brisk hiss of a distant avalanche of sand.
Andry07's ghost (amateur Gargoyle Fighter) comes into view.
Andry07's ghost moves out of view.
You regained 5 hp, and now have 22/41 hp.
You hit Andry07's ghost.
Andry07's ghost is lightly damaged.
Andry07's ghost closely misses you.
You gain the combat prowess of a mighty hero.
Andry07's ghost barely misses you.
You now have 3/5 mp.
Unknown command.
You hit Andry07's ghost but do no damage.
Andry07's ghost is lightly damaged.
Andry07's ghost hits you.
You take 3 damage, and have 20/41 hp.
You hit Andry07's ghost.
Andry07's ghost is lightly damaged.
You barely miss Andry07's ghost.
Andry07's ghost is lightly damaged.
Andry07's ghost hits you but does no damage.
You hit Andry07's ghost but do no damage.
Andry07's ghost is lightly damaged.
Andry07's ghost hits you but does no damage.
You hit Andry07's ghost.
Andry07's ghost is lightly damaged.
Andry07's ghost closely misses you.
You barely miss Andry07's ghost.
Andry07's ghost is lightly damaged.
Andry07's ghost completely misses you.
You slash Andry07's ghost!
Andry07's ghost is moderately damaged.
Andry07's ghost hits you but does no damage.
You hit Andry07's ghost but do no damage.
Andry07's ghost is moderately damaged.
You hit Andry07's ghost but do no damage.
Andry07's ghost is moderately damaged.
Andry07's ghost hits you!
* * * LOW HITPOINT WARNING * * *
You take 11 damage, and have 10/41 hp.
MASSIVE DAMAGE!!
You slash Andry07's ghost!
Andry07's ghost is heavily damaged.
Andry07's ghost hits you.
* * * LOW HITPOINT WARNING * * *
You take 5 damage, and have 5/41 hp.
You hit Andry07's ghost.
Andry07's ghost is heavily damaged.
Andry07's ghost hits you!
You die...

██.█████████
██........$█ █.█
██████████.████ █.█
█ █........█ █.█
█.███.██.█ █.█
█.██.█ █.█ ██.██.█
█.██████
.██..██.████.██...█
..s......W@5......█
.██.███..██████...█
█. █..█ ██.██ ....█
█.█ ......█ █.█
█████..█ █.█ █..█
█.█ █..█ █.█ █..█
█.█


You could see Andry07's ghost and a friendly iron imp.

Vanquished Creatures
  An orc wizard (D:4)
  A worker ant (D:4)
  4 adders
  2 worms
  2 dart slugs (D:2)
  2 orcs (D:4)
  A ball python (D:2)
  4 bats
  2 giant cockroaches (D:1)
  10 goblins
  4 hobgoblins
  2 jackals (D:2)
  12 kobolds
  A quokka (D:2)
  4 frilled lizards
  A jackal skeleton (D:4)
  5 rats
58 creatures vanquished.

Vanquished Creatures (collateral kills)
  A bullfrog skeleton (D:4)
  2 adders (D:4)
3 creatures vanquished.

Grand Total: 61 creatures vanquished

Notes
Turn   | Place    | Note
-------+----------+-------------------------------------------
     0 | D:1      | Goblin1989 the Demonspawn Monk began the quest for the Orb.
     0 | D:1      | Reached XP level 1. HP: 18/18 MP: 1/1
    91 | D:1      | Reached skill level 3 in Axes
   142 | D:1      | Gained mutation: You have a pair of small antennae on your head. [demonic ancestry]
   142 | D:1      | Reached XP level 2. HP: 19/24 MP: 2/2
   246 | D:1      | Goblin1989: !lg ololoev -log
   246 | D:1      | beem: 3300. ololoev, XL27 HOVM, T:81456: http://crawl.xtahua.com/crawl/morgue/ololoev/morgue-ololoev-20180205-123826.txt
  1077 | D:1      | Reached XP level 3. HP: 9/29 MP: 3/3
  1543 | D:2      | Reached skill level 4 in Axes
  2249 | D:2      | Gained mutation: You have a pair of antennae on your head. [demonic ancestry]
  2249 | D:2      | Reached XP level 4. HP: 35/35 MP: 4/4
  2864 | D:4      | Found a staircase to the Ecumenical Temple.
  2879 | Temple   | Entered the Ecumenical Temple
  2900 | Temple   | Became a worshipper of Warmaster Okawaru
  2900 | Temple   | Reached * piety under Okawaru
  2900 | Temple   | Reached ** piety under Okawaru
  2940 | D:4      | Found a sand-covered staircase.
  3013 | D:4      | Gained mutation: A weak demonic guardian rushes to your aid. [demonic ancestry]
  3013 | D:4      | Reached XP level 5. HP: 15/41 MP: 5/5
  3026 | D:4      | Reached skill level 1 in Armour
  3167 | D:4      | Noticed Andry07's ghost (amateur GrFi)
  3184 | D:4      | Mangled by Andry07's ghost

Skill      XL: |  1  2  3  4  5 |
---------------+----------------+-----
Axes           | 3 4 |  4.9
Dodging        | 3 |  3.1
Armour         | 1 |  1.1
Fighting       | |  3.4
Stealth        | |  1.7

Action                   |  1- 3 |  4- 6 || total
-------------------------+-------+-------++-------
Melee: Hand axe          |   156 |    93 ||   249
       Punch             |       |     1 ||     1
Invok: Heroism           |       |     3 ||     3
  Use: Scroll            |       |     4 ||     4
 Stab: Sleeping          |     2 |       ||     2
  Eat: Chunk             |     4 |     3 ||     7
Armor: Robe              |     9 |       ||     9
       Ring mail         |    26 |    23 ||    49
Dodge: Dodged            |    92 |    47 ||   139

Vault maps used:
D:1:      saegor_arrival_simple_b, kennysheep_another_room
D:3:      old_standard_altar, trog_eyes_of_draining
D:4:      minmay_temple_entry_statues, first_ration,
          lightli_ossuary_entry_decrepit_ruins
Temple:   eino_temple_rhombus
